 Dungeon Crawl Stone Soup version 0.27-a0-1302-g7736ffe575 (webtiles) character file.

Game seed: 5424964475925947057

18 Ijustatesigmund the Skirmisher (level 2, -7/22 (24) HPs)
             Began as a Demonspawn Fighter on June 18, 2021.
             Mangled by an iguana (9 damage)
             ... on level 4 of the Dungeon.
             The game lasted 00:01:29 (828 turns).

Ijustatesigmund the Skirmisher (Demonspawn Fighter)  Turns: 828, Time: 00:01:30

HP:   -7/22 (24)    AC:  6    Str: 16    XL:     2   Next: 48%
MP:   2/2           EV:  6    Int:  9    God:
Gold: 71            SH:  8    Dex: 12    Spells: 1/1 levels left

rFire    . . .     SeeInvis .   a - +0 war axe
rCold    . . .     Faith    .   c - +0 kite shield
rNeg     . . .     Spirit   .   b - +0 scale mail
rPois    .         Reflect  .   (no helmet)
rElec    .         Harm     .   (no cloak)
rCorr    .         Rampage  .   (no gloves)
Will     .....                  (no boots)
Stlth    ..........             (no amulet)
HPRegen  0.07/turn              (no ring)
MPRegen  0.08/turn              (no ring)

@: drained
A: demonic guardian 1
a: no special abilities


You were on level 4 of the Dungeon.
You visited 1 branch of the dungeon, and saw 4 of its levels.

You collected 71 gold pieces.

Inventory:

Hand Weapons
 a - a +0 war axe (weapon)
Armour
 b - a +0 scale mail (worn)
 c - a +0 kite shield (worn)
Scrolls
 e - a scroll of acquirement {unknown}
Potions
 d - a potion of might


   Skills:
 + Level 3.3 Fighting
 * Level 2.5 Axes
 - Level 2.6 Armour
 - Level 2.6 Shields


You had one spell level left.
You didn't know any spells.
Your spell library contained the following spells:

 Spells                   Type           Power      Damage    Failure   Level
 Animate Skeleton         Necr           0%         N/A       100%        1
 Magic Dart               Conj           0%         1d3       100%        1
 Pain                     Necr           0%         1d4       100%        1
 Blink                    Tloc           N/A        N/A       100%        2
 Call Imp                 Summ           0%         N/A       100%        2
 Slow                     Hex            0%         N/A       100%        2
 Conjure Flame            Conj/Fire      0%         6-21      100%        3
 Mephitic Cloud           Conj/Pois/Air  0%         N/A       100%        3
 Vampiric Draining        Necr           0%         2d6       100%        3
 Animate Dead             Necr           0%         N/A       100%        4
 Agony                    Necr           0%         N/A       100%        5


Dungeon Overview and Level Annotations

Branches:
Dungeon (4/15)
 Temple: D:4-7

Altars:
Uskayaw


Innate Abilities, Weirdness & Mutations

A weak demonic guardian rushes to your aid.


Message History

The ball python constricts you.
The ball python bites you but does no damage.
The ball python constricts you.
You slash the ball python!
You kill the ball python!
No target in view!
No target in view!
No target in view!
No target in view!
There is an escape hatch in the floor here.
You slide downwards.
The hatch slams shut behind you.
A ball python, 3 goblins and a hobgoblin come into view.
A goblin is wielding a +2 dagger of venom.
A goblin is wielding a +0 dagger of holy wrath.
The hobgoblin shouts!
The goblin shouts! x3; The ball python hisses angrily.
You hear a shout! x2
Found a leather armour and 20 arrows.
Found two stone staircases leading down.
There is a stone staircase leading down here.
You climb downwards.
An iguana and a necrophage come into view.
The iguana hisses angrily.
There is a stone staircase leading up here.
You slash the necrophage!
The necrophage is heavily damaged.
The necrophage hits you.
You slash the necrophage!
The necrophage is almost destroyed.
The necrophage hits you but does no damage.
The iguana bites you but does no damage.
The necrophage hits you.
You feel drained.
A demonic guardian appears!
Your scale mail prevents you from hitting the necrophage.
The necrophage is severely damaged.
You barely miss the iguana. The iguana bites you!
* * * LOW HITPOINT WARNING * * *
The necrophage hits you.
* * * LOW HITPOINT WARNING * * *
You feel drained.
* * * LOW HITPOINT WARNING * * *
Your shadow imp hits the iguana.
The iguana bites you!
You die...

#####
###...#
.....#
#...#
##...##
#...@.#
#..nl.#
#....5#
##...##
###.#
#.# #.#
#.#


You could see a necrophage, an iguana (ally target) and a friendly shadow imp
(summoned).

Vanquished Creatures
  A ball python (D:2)
  2 endoplasms (D:1)
  2 giant cockroaches (D:1)
  2 goblins
  3 hobgoblins
  2 bats
  2 frilled lizards
  A kobold (D:1)
  A rat (D:2)
16 creatures vanquished.

Notes
Turn   | Place    | Note
-------+----------+-------------------------------------------
     0 | D:1      | Ijustatesigmund the Demonspawn Fighter began the quest for
                  | the Orb.
     0 | D:1      | Reached XP level 1. HP: 18/18 MP: 1/1
   559 | D:1      | Gained mutation: A weak demonic guardian rushes to your
                  | aid. [demonic ancestry]
   559 | D:1      | Reached XP level 2. HP: 24/24 MP: 2/2
   582 | D:2      | Found a hide-covered altar of Uskayaw.
   825 | D:4      | Noticed a necrophage
   828 | D:4      | Mangled by an iguana

Illustrated notes

Levels and vault maps discovered:
D:1:      matt_arrival_grand_opening, layout_loops_corners
D:2:      layout_loops_ring, serial_shops, shop, basic_altar,
          uniq_crazy_yiuf_cottage
D:3:      wander_river, layout_rooms, xom_confusion_cloud, serial_bayou,
          serial_bayou_pond_c, serial_bayou_ford_a, serial_bayou_shore_b,
          serial_bayou_pond_e, serial_bayou_pond_e, serial_bayou_shore_b,
          uniq_robin
D:4:      layout_loops_cross, nicolae_overflow_hidden_temple, abandoned_shop,
          minmay_divided_ellipse, uniq_ijyb

Skill      XL: |  1 |
---------------+----+-----
Axes           | 2 |  2.5
Fighting       | |  3.3
Armour         | |  2.6
Shields        | |  2.6

Action                   || total
-------------------------++-------
Melee: War axe           ||    54
Armor: Scale mail        ||    36
Dodge: Dodged            ||    12
Block: Kite shield       ||    30

Table legend: (Time is in decaauts)
 A = Elapsed time spent in this place.
 B = Non-inter-level travel time spent in this place.
 C = Inter-level travel time spent in this place.
 D = Time resting spent in this place.
 E = Time spent auto-exploring this place.
 F = Levels seen in this place.
 G = Mean time per level.
                   A        B        C        D        E       F      G
               +--------+--------+--------+--------+--------+-----+--------+
         Total |    861 |    855 |      6 |    193 |    517 |   4 |  215.2 |
       Dungeon |    861 |    855 |      6 |    193 |    517 |   4 |  215.2 |
               +--------+--------+--------+--------+--------+-----+--------+

Top non-repeatable levels by time:
     D:1: 588 daAuts
     D:2: 264 daAuts
     D:3: 4 daAuts
     D:4: 4 daAuts
